 Dungeon Crawl Stone Soup version 0.31-a0-1008-g5b978dac0e (webtiles) character file.

Game seed: 5647866822705489603

1614278 Lusmu the Ninja (level 27, 169/173 HPs)
             Began as a Kobold Brigand on Oct 31, 2023.
             Was a High Priest of Nemelex Xobeh.
             Escaped with the Orb
             ... and 3 runes on Nov 12, 2023!
             The game lasted 10:35:53 (71658 turns).

Lusmu the Ninja (Kobold Brigand)                   Turns: 71658, Time: 10:35:54

Health: 169/173    AC: 24    Str: 16    XL:     27
Magic:  38/38      EV: 51    Int: 14    God:    Nemelex Xobeh [*****.]
Gold:   5916       SH: 11    Dex: 31    Spells: 36/36 levels left

rFire   + + +        K - +10 rapier of the Past {pain, rC- Str+3 Int+2 Dex+2}
rCold   + . .        d - +3 buckler {rC+ rF+}
rNeg    + + .        u - quicksilver dragon scales
rPois   +            a - +2 hat {Int+3}
rElec   +            y - +2 cloak {rPois}
rCorr   +            E - +1 pair of gloves of Xoraem {Rampage Will+ rCorr Int-4}
SInv    .            Y - +0 pair of boots of the Blue Moon {rElec Regen+ Str+3 Stlth+}
Will    +++++        G - amulet "Iqipam" {RegenMP Rampage rN++ Regen+ Int-5}
Stlth   ++           P - ring of Xom's Sleight of Hands {rC++ rCorr EV+5}
HPRegen 2.08/turn    A - ring of Riang {rF+++ rC- EV+5 Int+6}
MPRegen 0.66/turn

%: rampage
@: glowing, studying Staves
A: small, no large weapons, nightstalker 3, hooves 1, horns 2, strong-willed 2
0: Orb of Zot
}: 3/15 runes: decaying, silver, gossamer
a: Renounce Religion, Draw Escape, Draw Destruction, Draw Summoning, Draw Stack,
Triple Draw, Deal Four, Stack Five


You escaped.
You worshipped Nemelex Xobeh.
Nemelex Xobeh was extremely pleased with you.
You visited 10 branches of the dungeon, and saw 48 of its levels.
You visited 2 bazaars.
You also visited: Trove and Sewer.

You collected 10357 gold pieces.
You spent 4441 gold pieces at shops.

Inventory:

Hand Weapons
 e - a +8 quick blade of holy wrath
 K - the +10 rapier of the Past (weapon) {pain, rC- Str+3 Int+2 Dex+2}
   (You took it off a deep elf demonologist on level 3 of the Elven Halls)

   Str+3:     It affects your strength (+3).
   Int+2:     It affects your intelligence (+2).
   Dex+2:     It affects your dexterity (+2).
   rC-:       It makes you vulnerable to cold.
Missiles
 l - 5 atropa-tipped darts
 S - a curare-tipped dart
 X - 4 datura-tipped darts
Armour
 a - a +2 hat of intelligence (worn)
 d - a +3 buckler of resistance (worn)
 u - quicksilver dragon scales (worn)
 y - a +2 cloak of poison resistance (worn)
 E - the +1 pair of gloves of Xoraem (worn) {Rampage Will+ rCorr Int-4}
   (You found it in a treasure trove)

   Int-4:     It affects your intelligence (-4).
   Will+:     It increases your willpower.
   rCorr:     It protects you from acid and corrosion.
   Rampage:   It bestows one free step when moving towards enemies.
 M - the +0 pair of boots "Ruof" {rF+++ Int+2 Stlth-}
   (You found it in a treasure trove)

   Int+2:     It affects your intelligence (+2).
   rF+++:     It renders you almost immune to fire.
   Stlth-:    It makes you less stealthy.
 Y - the +0 pair of boots of the Blue Moon (worn) {rElec Regen+ Str+3 Stlth+}
   (You bought it in a shop on level 2 of the Orcish Mines)

   Str+3:     It affects your strength (+3).
   rElec:     It insulates you from electricity.
   Regen+:    It increases your rate of health regeneration.
   Stlth+:    It makes you more stealthy.
Jewellery
 k - the dreamshard necklace {Acrobat *Dream}
   (You found it in a treasure trove)

   [amulet of the acrobat]

   *Dream:    It absorbs a single lethal wound into itself, holding its wearer
   just short of death and releasing dream-creatures to guard them.
   Acrobat:   It increases your evasion while moving and waiting.
 v - the ring of the Ban {rElec rC+ Will+ Dex+3}
   (You bought it in a shop on level 1 of the Elven Halls)

   [ring of protection from cold]

   Dex+3:     It affects your dexterity (+3).
   rC+:       It protects you from cold.
   rElec:     It insulates you from electricity.
   Will+:     It increases your willpower.
 A - the ring of Riang (right hand) {rF+++ rC- EV+5 Int+6}
   (You found it on level 2 of the Realm of Zot)

   [ring of evasion]

   EV+5:      It affects your evasion (+5).
   Int+6:     It affects your intelligence (+6).
   rF+++:     It renders you almost immune to fire.
   rC-:       It makes you vulnerable to cold.
 F - a +4 ring of protection
 G - the amulet "Iqipam" (around neck) {RegenMP Rampage rN++ Regen+ Int-5}
   (You found it on level 1 of the Vaults)

   [amulet of magic regeneration]

   RegenMP:   It increases your rate of magic regeneration.
   Int-5:     It affects your intelligence (-5).
   rN++:      It greatly protects you from negative energy.
   Regen+:    It increases your rate of health regeneration.
   Rampage:   It bestows one free step when moving towards enemies.
 H - a ring of flight
 L - the ring "Xiullot" {rElec rN+ Int-3 Slay+2 SInv}
   (You found it on level 3 of the Realm of Zot)

   [ring of positive energy]

   Int-3:     It affects your intelligence (-3).
   Slay+2:    It affects your accuracy & damage with ranged weapons and melee
   (+2).
   rElec:     It insulates you from electricity.
   rN+:       It protects you from negative energy.
   SInv:      It lets you see invisible.
 P - the ring of Xom's Sleight of Hands (left hand) {rC++ rCorr EV+5}
   (You found it on level 5 of the Lair of Beasts)

   [ring of evasion]

   EV+5:      It affects your evasion (+5).
   rC++:      It greatly protects you from cold.
   rCorr:     It protects you from acid and corrosion.
 W - a ring of see invisible
Wands
 c - a wand of iceblast (19)
 i - a wand of paralysis (54)
 m - a wand of acid (8)
 N - a wand of digging (5)
 V - a wand of mindburst (22)
Scrolls
 f - 5 scrolls of revelation
 j - a scroll of enchant armour
 n - 6 scrolls of fog
 w - 3 scrolls of silence
 x - 5 scrolls of teleportation
 z - 7 scrolls of fear
 R - 2 scrolls of blinking
 T - a scroll of immolation
 U - 3 scrolls of poison
Potions
 b - 7 potions of ambrosia
 g - 5 potions of might
 h - 12 potions of brilliance
 o - a potion of berserk rage
 p - 12 potions of heal wounds
 q - 2 potions of magic
 r - 20 potions of curing
 t - 3 potions of resistance
 B - 9 potions of haste
 C - 3 potions of cancellation
 D - 5 potions of invisibility
 I - 5 potions of enlightenment
 Q - 4 potions of mutation
Miscellaneous
 s - a condenser vane
 O - a phial of floods
 Z - a lightning rod (4/4)


   Skills:
 - Level 18.0 Fighting
 - Level 14.0 Short Blades
 - Level 5.0 Throwing
 + Level 13.6 Armour
 + Level 24.5 Dodging
 O Level 27 Stealth
 - Level 8.0 Shields
 - Level 5.0 Spellcasting
 + Level 17.6 Necromancy
 - Level 22.2 Invocations
 - Level 15.0 Evocations


You had 36 spell levels left.
You didn't know any spells.
Your spell library contained the following spells:

 Spells                   Type           Power      Damage    Failure   Level
 Vampiric Draining        Necr           52%        2d9       1%          3
 Cigotuvi's Dreadful Rot  Necr/Pois/Air  38%        N/A       4%          2
 Anguish                  Hex/Necr       14%        N/A       9%          4
 Borgnjor's Vile Clutch   Necr/Erth      14%        N/A       26%         5
 Magic Dart               Conj           12%        1d3       32%         1
 Sandblast                Erth           6%         2d5       32%         1
 Slow                     Hex            12%        N/A       32%         1
 Sting                    Tmut/Pois      12%        1d3       32%         1
 Summon Small Mammal      Summ           12%        N/A       32%         1
 Blink                    Tloc           6%         N/A       45%         2
 Passwall                 Tmut/Erth      2%         N/A       45%         2
 Poisonous Vapours        Pois/Air       6%         N/A       45%         2
 Scorch                   Fire           6%         2d5       45%         2
 Static Discharge         Conj/Air       6%         3-4/arc   45%         2
 Wereblood                Tmut           3%         N/A       45%         2
 Call Canine Familiar     Summ           3%         N/A       69%         3
 Confusing Touch          Hex            3%         N/A       69%         3
 Frozen Ramparts          Ice            6%         1d1       69%         3
 Gell's Gravitas          Tloc           3%         N/A       69%         3
 Ignite Poison            Fire/Tmut/Pois 3%         N/A       69%         3
 Inner Flame              Hex/Fire       3%         N/A       69%         3
 Sigil of Binding         Hex            3%         N/A       69%         3
 Stone Arrow              Conj/Erth      6%         3d7       69%         3
 Summon Guardian Golem    Hex/Summ       3%         N/A       69%         3
 Teleport Other           Tloc           3%         N/A       69%         3
 Airstrike                Air            1%         2d(1-17)  97%         4
 Animate Armour           Summ/Erth      6%         N/A       97%         4
 Brom's Barrelling Bould  Conj/Erth      3%         2d3       97%         4
 Cause Fear               Hex            1%         N/A       97%         4
 Flame Wave               Conj/Fire      3%         2d5       97%         4
 Iskenderun's Mystic Bla  Conj/Tloc      3%         2d3       97%         4
 Manifold Assault         Tloc           3%         N/A       97%         4
 Olgreb's Toxic Radiance  Pois           3%         N/A       97%         4
 Petrify                  Tmut/Erth      3%         N/A       97%         4
 Summon Lightning Spire   Summ/Air       3%         N/A       97%         4
 Vhi's Electric Charge    Tloc/Air       6%         N/A       97%         4
 Alistair's Intoxication  Tmut/Pois      2%         N/A       100%        5
 Arcjolt                  Conj/Air       1%         1d11      100%        5
 Fireball                 Conj/Fire      1%         3d3       100%        5
 Freezing Cloud           Conj/Ice/Air   1%         6-21      100%        5
 Irradiate                Conj/Tmut      1%         3d12      100%        5
 Iskenderun's Battlesphe  Conj           3%         2d6       100%        5
 Lee's Rapid Deconstruct  Erth           1%         3d4*      100%        5
 Metabolic Englaciation   Hex/Ice        1%         N/A       100%        5
 Summon Forest            Summ/Tloc      1%         N/A       100%        5
 Summon Mana Viper        Hex/Summ       3%         N/A       100%        5
 Yara's Violent Unravell  Hex/Tmut       1%         3d3       100%        5
 Bombard                  Conj/Erth      1%         9d1       100%        6
 Conjure Ball Lightning   Conj/Air       1%         3x3d6     100%        6
 Dispersal                Tloc           1%         N/A       100%        6
 Eringya's Noxious Bog    Tmut/Pois      1%         4d6       100%        6
 Plasma Beam              Fire/Air       1%         2x1d11    100%        6
 Summon Cactus Giant      Summ           1%         N/A       100%        6
 Enfeeble                 Hex            1%         N/A       100%        7
 Malign Gateway           Summ/Tloc      1%         N/A       100%        7
 Orb of Destruction       Conj           1%         9d5       100%        7
 Spellforged Servitor     Conj/Summ      1%         N/A       100%        7
 Disjunction              Tloc           1%         N/A       100%        8
 Lehudib's Crystal Spear  Conj/Erth      1%         10d2      100%        8
 Maxwell's Capacitive Co  Air            1%         ∞         100%        8
 Summon Horrible Things   Summ           1%         N/A       100%        8


Dungeon Overview and Level Annotations

Branches:
Dungeon (15/15)            Temple (1/1) D:5            Lair (5/5) D:11
  Swamp (4/4) Lair:2       Spider (4/4) Lair:3        Slime (0/5) Lair:4
    Orc (2/2) D:9             Elf (3/3) Orc:2        Vaults (5/5) D:13
  Crypt (0/3) Vaults:3     Depths (4/4) D:15            Zot (5/5) Depths:4
  Sewer (visited)

Altars:
Ashenzari
Cheibriados
Dithmenos
Elyvilon
Fedhas
Gozag
Hepliaklqana
Kikubaaqudgha
Makhleb
Nemelex Xobeh
Okawaru
Qazlal
Ru
Sif Muna
Trog
Uskayaw
Vehumet
Wu Jian
Xom
Yredelemnul
Zin
The Shining One
Jiyva

Shops:
D:4 (   D:8 (   D:11 (   Orc:2 (=[*   Elf:1 =   Elf:2 !   Depths:1 ::=
Depths:2 !   Depths:4 !*

Portals:
Hell: Depths:1 Depths:2 Depths:3 Depths:4
Abyss: Depths:3 Depths:4
Pandemonium: Depths:2 Depths:3
Ziggurat: Depths:1

Annotations:
D:4 Grinder
Lair:3 exclusion: oklob plant
Elf:2 3 runed translucent doors
Depths:3 1 runed translucent door


Innate Abilities, Weirdness & Mutations

You are small and have problems with some larger weapons.
You are completely attuned to the shadows.
You have large cloven feet.
You have a pair of horns on your head.
You are highly strong-willed. (Will++)


Message History

You hit the chaos spawn. You headbutt the chaos spawn.
The chaos spawn is moderately wounded.
The chaos spawn completely misses you.
You puncture the chaos spawn!
The chaos spawn is heavily wounded.
You puncture the chaos spawn! Your headbutt misses the chaos spawn.
The chaos spawn is almost dead.
You block the chaos spawn's attack.
You puncture the chaos spawn!
You kill the chaos spawn!
The chaos spawn degenerates into a cloud of primal chaos!
You climb upwards.
Level annotation: Grinder
There is a stone staircase leading down here.
You see here a +0 club.
You see here a +0 dagger.
There is a stone staircase leading up here.
You climb upwards.
There is a stone staircase leading down here.
There is a stone staircase leading up here.
You climb upwards.
There is a stone staircase leading down here.
You enter the shallow water.
Moving in this stuff is going to be slow.
There is an open door here.
There is a stone staircase leading up here.
You climb upwards.
There is a stone staircase leading down here.
An angel comes into view. It is wielding a +3 whip of holy wrath.
Xeah comes into view. It is armed with a draining touch.
The angel completely misses you. You block the angel's attack.
You enter the shallow water.
Moving in this stuff is going to be slow.
Xeah bellows, "I shall devour thy throat!"
The angel hits you with a +3 whip of holy wrath!
The angel completely misses you.
There is a staircase leading out of the dungeon here.
Xeah completely misses you. The angel completely misses you.
You block the angel's attack.
You have escaped!

###### #.########
####....#######.## ##
#................## #†
#.#.#.~~~~~~~.....# ##†
##########.#...~.....~..(..# #..
#....................~.#.#.####..
#.#########.~~~~~~~..~......##...
#.# ##.~....A~..~.###.###... #.#
##..~..~@&...~.# #.# #... #.#
#...~..~~~~~~~.# #.# ##..
#.########..~..........# #.#####.
#...........~.....~..#.###...####
#.#########.~~~~~~~............#.
#.# #.........######.......
#.####### #.#.####### #.......
#.......# #.#.# ##...#).
#.#####)# #.#.# ##.##..


You could see Xeah and an angel.

Vanquished Creatures
  A dread lich (Vaults:5)
  An ancient lich (Zot:5)
  7 orbs of fire (Zot:5)
  Mara (Vaults:5)
  4 Killer Klowns
  Frederick (Vaults:3)
  3 curse toes
  7 golden dragons
  Norris (Elf:3)
  A bone dragon (Vaults:3)
  3 doom hounds (Zot:2)
  3 electric golems
  A Brimstone Fiend (Zot:1)
  17 tentacled monstrosities
  Jorgrun (D:13)
  16 Orb Guardians
  A walking earthen tome (Depths:2)
  2 walking crystal tomes
  The ghost of confidenceinterval the Black Crusader, an adept MiGl of Yredelemnul (Swamp:4)
  2 liches
  Asterion (Spider:4)
  Mlioglotl (Swamp:4)
  A deep elf blademaster (Elf:3)
  2 titans
  A walking frostbound tome (Depths:3)
  6 quicksilver dragons
  Grunn (Zot:2)
  3 deep elf master archers (Elf:3)
  An ancient champion (Depths:4)
  Gastronok (Lair:3)
  5 death cobs
  An acid blob (shapeshifter) (Depths:1)
  6 sphinxes
  Kirke (D:14)
  A thorn hunter (Swamp:4)
  8 shadow dragons
  Aizul (Swamp:4)
  7 storm dragons
  The ghost of Gamunlei the Marksgargoyle, an adept GrHu of the Shining One (Swamp:3)
  5 draconian monks
  8 tengu reavers
  5 draconian knights
  11 frost giants
  A fenstrider witch (Vaults:5)
  5 fire giants
  2 emperor scorpions
  Louise (D:15)
  An emperor scorpion (shapeshifter) (Vaults:5)
  8 ghost moths
  13 vault wardens
  2 draconian scorchers (Zot:5)
  An iron dragon (Vaults:5)
  5 spectral caustic shrikes (Depths:2)
  14 ironbound preservers
  4 deep elf elementalists (Elf:3)
  3 draconian shifters
  2 ghouls (Swamp:4)
  7 deep elf sorcerers
  A cacodemon (Depths:3)
  2 formless jellyfish
  3 draconian stormcallers
  4 draconian annihilators
  4 orc warlords
  2 war gargoyles (Vaults:5)
  3 spriggan defenders
  6 ironbound thunderhulks
  2 vampire knights
  Nessos (Lair:5)
  4 deep elf demonologists (Elf:3)
  22 stone giants
  A broodmother (Spider:3)
  21 very ugly things
  4 eleionomae
  7 red draconians
  8 dire elephants
  10 black draconians
  14 green draconians
  12 yellow draconians
  5 white draconians
  5 bunyips
  A lorocyproca (Depths:3)
  8 deep elf annihilators
  7 spark wasps
  An eidolon (Depths:4)
  2 quicksilver dragon zombies (D:15)
  4 shambling mangroves
  8 purple draconians
  7 ettins
  7 deep elf high priests
  5 fire dragons
  A green death (Depths:3)
  4 entropy weavers
  3 jiangshi (Depths:1)
  3 deep elf death magi
  Fannar (Orc:1)
  14 yaktaur captains
  15 ice dragons
  A spectral fenstrider witch (Swamp:4)
  A salamander tyrant (Depths:4)
  2 rakshasas
  35 vault guards
  2 hell beasts
  7 ironbound frosthearts
  4 great orbs of eyes
  Harold (Orc:1)
  3 jorogumos
  2 ogre magi
  2 radroaches (Spider:3)
  5 catoblepae
  19 hydras
  3 spriggan air magi
  A ghost crab (Swamp:2)
  8 alligators
  6 boulder beetles
  8 centaur warriors
  9 death yaks (Lair:5)
  A death scarab (Spider:2)
  A two-headed ogre (Elf:3)
  12 dancing weapons
  5 deep troll earth magi
  15 deep troll shamans
  5 tengu warriors
  An occultist (Depths:3)
  14 hell knights
  2 vampire magi
  2 orc high priests (Orc:2)
  3 spriggan berserkers (Depths:4)
  5 demonic crawlers
  A sun demon (Depths:3)
  A shock serpent (shapeshifter) (Vaults:2)
  21 iron trolls
  7 deep elf knights
  2 soul eaters (Depths:3)
  2 spectral spriggans (Swamp:4)
  Nergalle (D:10)
  7 skysharks
  A shadow wraith (Vaults:5)
  3 skeletal warriors (D:15)
  A sun moth (Spider:2)
  8 pharaoh ants
  3 spriggan druids
  5 goliath frogs
  6 orb spiders
  4 glowing orange brains
  4 flayed ghosts
  52 deep trolls
  5 spectral hydras (Swamp:4)
  11 deep elf archers
  30 deep elf pyromancers
  10 steelbarb worms
  10 swamp dragons
  6 harpies (Vaults:1)
  A fenstrider witch simulacrum (Swamp:4)
  An orange crystal statue (Depths:4)
  9 lindwurms
  11 arcanists
  11 orc knights
  4 bog bodies
  4 phantasmal warriors
  5 necromancers
  25 deep elf zephyrmancers
  A mana viper (shapeshifter) (Vaults:5)
  14 ironbound convokers
  3 oklob plants (Swamp:4)
  24 wolf spiders
  28 ugly things
  8 orc sorcerers
  2 cyclopes
  4 manticores
  3 will-o-the-wisps
  2 salamanders (shapeshifter)
  A faun (shapeshifter) (Depths:4)
  25 elephants
  A black mamba (Lair:2)
  Maurice (D:12)
  29 moths of wrath
  4 torpor snails
  A black mamba (shapeshifter) (Vaults:5)
  11 cane toads
  A smoke demon (Depths:3)
  19 vault sentinels
  2 gargoyles
  9 apocalypse crabs (Zot:3)
  A hellion (D:14)
  2 rime drakes
  4 freezing wraiths
  A kobold demonologist (D:11)
  14 yaktaurs
  3 efreet (D:14)
  A yaktaur (shapeshifter) (Depths:3)
  4 tengu conjurers
  9 komodo dragons
  2 spectral death drakes (Swamp:4)
  14 hornets
  4 hydra zombies (Swamp:4)
  4 trolls
  4 meliai
  A troll (shapeshifter) (Elf:1)
  A bloated husk (Swamp:2)
  A merfolk (D:9)
  2 polar bears
  2 death drake zombies (Swamp:4)
  5 tyrant leeches
  2 hydra skeletons (Swamp:4)
  A death drake skeleton (Swamp:4)
  19 tarantellas
  A wolf spider simulacrum (D:15)
  2 glass eyes
  19 blink frogs
  21 jumping spiders
  41 slime creatures
  3 air elementals
  24 culicivoras
  A shadow (D:12)
  58 yaks
  2 vampires (D:12)
  A wraith (D:12)
  7 spriggans
  6 wyverns
  3 fire elementals
  A human (shapeshifter) (D:15)
  7 basilisks
  5 water elementals
  2 humans (D:13)
  A neqoxec (Zot:5)
  5 steam dragons
  51 redbacks
  A chaos spawn (D:5)
  21 vampire mosquitoes
  2 wargs
  An acid dragon (D:12)
  13 swamp worms
  A hydra simulacrum (Swamp:4)
  10 water moccasins
  50 orc warriors
  3 spriggan simulacra (Swamp:4)
  4 black bears
  An ice beast (D:8)
  7 swamp drakes
  24 wolves
  7 centaurs
  6 ogres
  2 phantoms
  8 kobold brigands
  17 bullfrogs
  3 gnoll sergeants
  A scorpion (D:7)
  4 wights (D:8)
  13 killer bees
  An electric eel (Lair:1)
  3 howler monkeys
  21 orc priests
  7 jellies
  4 hounds
  A gnoll bouda (D:8)
  2 sleepcaps (D:6)
  4 iguanas
  26 orc wizards
  20 gnolls
  7 adders
  2 river rats
  2 shadow imps
  A white imp (D:7)
  2 ufetubi (D:6)
  6 worms
  3 dart slugs
  78 orcs
  10 ball pythons
  4 bats
  14 endoplasms
  11 giant cockroaches
  8 goblins
  7 hobgoblins
  5 jackals
  4 quokkas
  4 frilled lizards
  21 kobolds
  12 rats
1954 creatures vanquished.

Vanquished Creatures (collateral kills)
  Parghit (Zot:2)
  A Killer Klown (Zot:5)
  A golden dragon (Depths:3)
  2 iron giants (Depths:3)
  Rupert (Spider:1)
  7 Orb Guardians (Zot:5)
  2 titans (Vaults:5)
  A quicksilver dragon (Vaults:5)
  A thorn hunter (Swamp:2)
  A shadow dragon (Vaults:5)
  An iron dragon (Vaults:5)
  A fire giant (Vaults:5)
  2 ghost moths (Spider:4)
  A draconian scorcher (Zot:4)
  An emperor scorpion (Spider:4)
  2 vault wardens
  2 deep elf sorcerers
  A ghoul (Swamp:2)
  A war gargoyle (Vaults:5)
  2 very ugly things (Depths:3)
  3 ironbound preservers
  A deep elf annihilator (Elf:3)
  2 deep elf demonologists (Elf:3)
  A purple draconian (Zot:5)
  A white draconian (Zot:5)
  A spark wasp (Spider:4)
  A red draconian (Zot:5)
  An ettin (Depths:3)
  A deep elf death mage (Vaults:5)
  A yaktaur captain (Vaults:5)
  A fire dragon (Depths:3)
  A hydra (Swamp:4)
  A spriggan air mage (Depths:3)
  A boulder beetle (Lair:5)
  A deep troll shaman (Depths:3)
  A demonic crawler (Spider:3)
  A spriggan berserker (Swamp:2)
  2 hell knights
  An iron troll (Depths:1)
  A spriggan druid (Swamp:2)
  2 deep trolls (Depths:1)
  A cyclops (shapeshifter) (Vaults:5)
  2 moths of wrath
  A wolf spider (Spider:4)
  A rime drake (shapeshifter) (Vaults:5)
  A freezing wraith (Swamp:4)
  A yaktaur (Vaults:5)
  A snapping turtle (Elf:1)
  5 tarantellas (Spider:4)
  A wyvern (Lair:5)
  8 yaks
  A culicivora (Spider:4)
  2 redbacks (Spider:4)
  A water moccasin (Lair:1)
  A jelly (Lair:4)
  An orc priest (D:8)
86 creatures vanquished.

Vanquished Creatures (others)
  A vault guard (Vaults:5)
  A hell knight (Depths:1)
  A goliath frog (Swamp:2)
  A bloated husk (Swamp:2)
  6 humans (D:14)
  2 starspawn tentacles (Swamp:4)
12 creatures vanquished.

Grand Total: 2052 creatures vanquished

Notes
Turn   | Place    | Note
-------+----------+-------------------------------------------
     0 | D:1      | Lusmu the Kobold Brigand began the quest for the Orb.
     0 | D:1      | Reached XP level 1. HP: 12/12 MP: 1/1
   126 | D:1      | You fall into a shaft and drop 1 floor!
   139 | D:2      | Reached XP level 2. HP: 10/18 MP: 2/2
   431 | D:1      | Reached XP level 3. HP: 22/22 MP: 3/3
  1164 | D:2      | Reached XP level 4. HP: 12/27 MP: 4/4
  1165 | D:2      | Gained mutation: Your body sometimes deteriorates upon
                  | taking damage. [potion of mutation]
  1165 | D:2      | Gained mutation: You occasionally shout uncontrollably at
                  | your foes. [potion of mutation]
  1322 | D:2      | Found an ancient bone altar of Kikubaaqudgha.
  2264 | D:4      | Found Ittuesite's Antique Weapon Boutique.
  2290 | D:4      | Reached skill level 6 in Stealth
  2290 | D:4      | Reached XP level 5. HP: 32/32 MP: 5/5
  2397 | D:4      | Noticed Grinder
  3434 | D:4      | Noticed an ogre
  3437 | D:4      | Killed an ogre
  3438 | D:4      | Reached XP level 6. HP: 37/37 MP: 6/6
  3802 | D:5      | Entered Level 5 of the Dungeon
  3821 | D:5      | Reached XP level 7. HP: 42/42 MP: 7/7
  3866 | D:5      | Reached skill level 7 in Stealth
  3931 | D:5      | Reached skill level 5 in Short Blades
  4019 | D:5      | Found a glowing drain.
  4021 | D:5      | Lost mutation: You occasionally shout uncontrollably at
                  | your foes. [potion of mutation]
  4021 | D:5      | Lost mutation: Your body sometimes deteriorates upon taking
                  | damage. [potion of mutation]
  4021 | D:5      | Gained mutation: You are partially covered in iridescent
                  | scales. (AC +2) [potion of mutation]
  4021 | D:5      | Gained mutation: You have hidden genetic potential. [potion
                  | of mutation]
  4021 | D:5      | Gained mutation: You expend magic power (3 MP) to
                  | strengthen your wands. [potion of mutation]
  4024 | Sewer    | Entered a sewer
  4334 | Sewer    | Reached XP level 8. HP: 48/48 MP: 8/8
  4729 | Sewer    | Reached skill level 8 in Stealth
  4747 | Sewer    | Gained mutation: You possess an exceptional clarity of
                  | mind. [hidden potential]
  4779 | Sewer    | Reached skill level 5 in Fighting
  4974 | D:5      | Reached skill level 5 in Throwing
  4974 | D:5      | Reached skill level 5 in Dodging
  5256 | D:5      | Found a bloodstained altar of Trog.
  5343 | D:5      | Found a staircase to the Ecumenical Temple.
  5349 | Temple   | Entered the Ecumenical Temple
  5773 | D:6      | Reached skill level 1 in Armour
  5956 | D:6      | Reached XP level 9. HP: 49/54 MP: 9/9
  6545 | D:6      | Found a sparkling altar of Nemelex Xobeh.
  6669 | D:6      | Became a worshipper of Nemelex Xobeh the Trickster
  6766 | D:7      | Reached skill level 9 in Stealth
  6863 | D:7      | Gained mutation: You have a pair of small horns on your
                  | head. [hidden potential]
  6863 | D:7      | Lost mutation: You have hidden genetic potential. [hidden
                  | potential expressed]
  7384 | D:7      | Found a broken altar of Ashenzari.
  7513 | D:8      | Reached * piety under Nemelex Xobeh
  7682 | D:8      | Reached skill level 10 in Stealth
  8136 | D:8      | Found a transporter.
  8138 | D:8      | Found Xebbel's Weapon Emporium.
  8167 | D:8      | Reached XP level 10. HP: 59/59 MP: 10/10
  8180 | D:8      | Received a gift from Nemelex Xobeh
  8614 | D:8      | Found a transporter.
  8747 | D:8      | Reached skill level 5 in Armour
  8752 | D:8      | Reached skill level 1 in Invocations
  9166 | D:9      | Found a staircase to the Orcish Mines.
  9231 | D:9      | Found a flagged portal.
  9242 | D:9      | Reached ** piety under Nemelex Xobeh
 10213 | D:10     | Entered Level 10 of the Dungeon
 10362 | D:10     | Noticed Nergalle
 10368 | D:10     | Identified the +0 hand axe of Qazlal's Regard {freeze,
                  | Int-5 Dex+4}
 10380 | D:10     | Killed Nergalle
 10381 | D:10     | Reached skill level 11 in Stealth
 10386 | D:10     | Reached skill level 5 in Invocations
 10392 | D:10     | Reached XP level 11. HP: 58/64 MP: 14/14
 10461 | D:10     | Received a gift from Nemelex Xobeh
 11046 | D:10     | Received a gift from Nemelex Xobeh
 11574 | D:11     | Reached *** piety under Nemelex Xobeh
 11711 | D:11     | Found a staircase to the Lair.
 11719 | D:11     | Found Zugejary's Weapon Emporium.
 11719 | D:11     | Noticed a +0 great mace
 11719 | D:11     | Noticed a +0 quick blade
 11748 | D:11     | Identified a scroll of acquirement
 11930 | D:10     | Acquired the +1 hat of the Moon {+Inv rC+++ Will- Dex-2}
 12156 | D:11     | Reached skill level 12 in Stealth
 12156 | D:11     | Reached skill level 1 in Evocations
 12493 | D:11     | Noticed a manticore
 12628 | D:11     | Found a portal to a secret trove of treasure.
 12684 | D:11     | Received a gift from Nemelex Xobeh
 12725 | D:11     | Reached skill level 10 in Dodging
 13052 | D:14     | Identified the "Hol Ynic"
 13052 | Lair:1   | Entered Level 1 of the Lair of Beasts
 13456 | Lair:1   | Reached XP level 12. HP: 67/73 MP: 18/18
 13658 | Lair:1   | Received a gift from Nemelex Xobeh
 14028 | Lair:1   | Identified the +6 war axe "Leytzis" {heavy, rC+ Str+2
                  | Dex+3}
 14533 | Lair:2   | Reached **** piety under Nemelex Xobeh
 14533 | Lair:2   | Received a gift from Nemelex Xobeh
 14543 | Lair:2   | Found a staircase to the Swamp.
 14648 | Lair:2   | Reached skill level 5 in Evocations
 14786 | Lair:2   | Reached skill level 10 in Invocations
 14872 | Lair:2   | Noticed a seven-headed hydra
 14909 | Lair:2   | Killed a seven-headed hydra
 15388 | Lair:2   | Received a gift from Nemelex Xobeh
 15709 | Lair:2   | Received a gift from Nemelex Xobeh
 15734 | Lair:2   | Reached skill level 10 in Short Blades
 15793 | Lair:2   | Reached XP level 13. HP: 80/80 MP: 20/20
 16726 | Lair:3   | Reached ***** piety under Nemelex Xobeh
 16726 | Lair:3   | Received a gift from Nemelex Xobeh
 16916 | Lair:3   | Found a hole to the Spider Nest.
 17032 | Lair:3   | Noticed a five-headed hydra
 17044 | Lair:3   | Killed a five-headed hydra
 17045 | Lair:3   | Reached skill level 10 in Fighting
 17260 | Lair:3   | Reached skill level 13 in Stealth
 17494 | Lair:3   | Noticed Gastronok
 17499 | Lair:3   | Killed Gastronok
 17926 | Lair:3   | Reached skill level 14 in Stealth
 18254 | Lair:3   | Found a blossoming altar of Fedhas.
 18840 | Lair:3   | Reached XP level 14. HP: 70/88 MP: 21/21
 19356 | Lair:4   | Received a gift from Nemelex Xobeh
 19423 | Lair:4   | Reached skill level 10 in Evocations
 19497 | Lair:4   | Reached skill level 15 in Stealth
 19879 | Lair:4   | Received a gift from Nemelex Xobeh
 20015 | Lair:4   | Found a staircase to the Slime Pits.
 20525 | Lair:4   | Received a gift from Nemelex Xobeh
 20527 | Lair:4   | Identified the -1 trident of Malaise {spect, Contam rElec
                  | Str+3 Int+2}
 20751 | Lair:4   | Found a glowing golden altar of the Shining One.
 20756 | Lair:4   | Found a viscous altar of Jiyva.
 21081 | Lair:5   | Entered Level 5 of the Lair of Beasts
 21594 | Lair:5   | Received a gift from Nemelex Xobeh
 22269 | Lair:5   | Noticed Nessos
 22283 | Lair:5   | Killed Nessos
 23406 | Lair:5   | Reached XP level 15. HP: 84/95 MP: 23/23
 24449 | Lair:5   | Identified the staff "Eviscerator" {rElec rPois Dex+8 Air}
 24459 | Lair:5   | Identified the ring of Xom's Sleight of Hands {rC++ rCorr
                  | EV+5}
 24751 | Lair:1   | Acquired the amulet "Heklyutei" {Regen+ Str+3 Int+3}
 25213 | D:12     | Noticed Maurice
 25223 | D:12     | Killed Maurice
 25224 | D:12     | Received a gift from Nemelex Xobeh
 26176 | D:13     | Received a gift from Nemelex Xobeh
 26203 | D:13     | Reached skill level 16 in Stealth
 26528 | D:13     | Noticed Jorgrun
 26530 | D:13     | Killed Jorgrun
 26531 | D:13     | Reached skill level 1 in Shields
 26607 | D:13     | Found a gate to the Vaults.
 26709 | D:13     | Reached XP level 16. HP: 94/101 MP: 25/25
 27190 | D:14     | Received a gift from Nemelex Xobeh
 27592 | D:14     | Noticed Kirke
 27596 | D:14     | Killed Kirke
 27878 | D:14     | Found the +6 arbalest "Damnation" {damnation}
 27891 | D:14     | Received a gift from Nemelex Xobeh
 28150 | D:15     | Entered Level 15 of the Dungeon
 28155 | D:15     | Noticed Louise
 28160 | D:15     | Killed Louise
 28611 | D:15     | Received a gift from Nemelex Xobeh
 28645 | D:15     | Reached skill level 17 in Stealth
 28830 | D:15     | Received a gift from Nemelex Xobeh
 28881 | D:15     | Reached ****** piety under Nemelex Xobeh
 29030 | D:15     | Found a staircase to the Depths.
 29256 | D:15     | Received a gift from Nemelex Xobeh
 29727 | Orc:1    | Entered Level 1 of the Orcish Mines
 29727 | Orc:1    | Noticed Harold
 29730 | Orc:1    | Killed Harold
 29940 | Orc:2    | Entered Level 2 of the Orcish Mines
 30020 | Orc:2    | Found a staircase to the Elven Halls.
 30044 | Orc:2    | Received a gift from Nemelex Xobeh
 30618 | Orc:2    | Reached skill level 18 in Stealth
 30721 | Orc:2    | Reached skill level 5 in Shields
 30975 | Orc:2    | Reached XP level 17. HP: 106/106 MP: 28/28
 31192 | Orc:2    | Received a gift from Nemelex Xobeh
 31266 | Orc:2    | Found Daog's Antique Armour Shop.
 31266 | Orc:2    | Found Suajefaa's Antique Weapon Boutique.
 31273 | Orc:2    | Bought a pair of glimmering boots for 294 gold pieces
 31273 | Orc:2    | Identified the +0 pair of boots of the Blue Moon {rElec
                  | Regen+ Str+3 Stlth+} (You bought it in a shop on level 2 of
                  | the Orcish Mines)
 31296 | Orc:2    | Found Xize's General Store.
 31297 | Orc:2    | Found Puurr's Jewellery Shop.
 31303 | Orc:2    | Bought a scroll of teleportation for 36 gold pieces
 31508 | Orc:1    | Noticed Fannar
 31514 | Orc:1    | Killed Fannar
 31940 | Spider:1 | Entered Level 1 of the Spider Nest
 32027 | Spider:1 | Reached skill level 15 in Invocations
 32134 | Spider:1 | Received a gift from Nemelex Xobeh
 32253 | Spider:1 | Noticed Rupert
 32262 | Spider:1 | Killed Rupert
 32342 | Spider:1 | Reached skill level 19 in Stealth
 32516 | Spider:1 | Identified the +1 dagger of Ascent {speed, rElec rC- rN+++
                  | Str+2}
 32540 | Spider:1 | Received a gift from Nemelex Xobeh
 33174 | Spider:2 | Identified the +7 quarterstaff of Devou {spect, rF+ rCorr}
 33191 | Spider:2 | Received a gift from Nemelex Xobeh
 33765 | Spider:2 | Reached skill level 20 in Stealth
 33965 | Spider:3 | Received a gift from Nemelex Xobeh
 34234 | Spider:3 | Identified the +2 long sword of the Usurping Gods {flame,
                  | Fragile +Blink Int+4}
 34236 | Spider:3 | Identified the -1 trident "Faseh" {drain, Dex+3}
 34240 | Spider:3 | Reached XP level 18. HP: 105/112 MP: 0/30
 35237 | Spider:4 | Entered Level 4 of the Spider Nest
 35280 | Spider:4 | Received a gift from Nemelex Xobeh
 35552 | Spider:4 | Noticed Asterion
 35556 | Spider:4 | Killed Asterion
 35975 | Spider:4 | Reached skill level 10 in Armour
 36123 | Spider:4 | Received a gift from Nemelex Xobeh
 36129 | Spider:4 | Identified the orb of the Bells {*Rage, *Slow rCorr Str+7}
 36144 | Spider:4 | Got a gossamer rune of Zot
 37140 | Swamp:1  | Entered Level 1 of the Swamp
 37499 | Swamp:1  | Reached XP level 19. HP: 95/117 MP: 32/32
 37861 | Swamp:2  | Noticed a tentacled monstrosity
 37886 | Swamp:2  | Killed a tentacled monstrosity
 38152 | Swamp:2  | Noticed a tentacled monstrosity
 38201 | Swamp:2  | Received a gift from Nemelex Xobeh
 38590 | Swamp:2  | Received a gift from Nemelex Xobeh
 38748 | Swamp:2  | Killed a tentacled monstrosity
 39318 | Swamp:3  | Received a gift from Nemelex Xobeh
 39480 | Swamp:3  | Found a large runed translucent door.
 39480 | Swamp:3  | Found a large runed translucent door.
 39616 | Swamp:4  | Entered Level 4 of the Swamp
 39673 | Swamp:4  | Found a runed translucent gate.
 39676 | Swamp:4  | Found a runed translucent gate.
 39770 | Swamp:4  | Found a runed translucent gate.
 39831 | Swamp:4  | Received a gift from Nemelex Xobeh
 39931 | Swamp:4  | Identified the serpent talisman of Wu Jian's Generosity
                  | {Int+3}
 39931 | Swamp:4  | Noticed Aizul
 39935 | Swamp:4  | Killed Aizul
 40180 | Swamp:4  | Noticed Mlioglotl
 40190 | Swamp:4  | Killed Mlioglotl
 40423 | Swamp:4  | Received a gift from Nemelex Xobeh
 40423 | Swamp:4  | Found a basalt altar of Yredelemnul.
 40451 | Swamp:4  | Got a decaying rune of Zot
 40478 | Swamp:4  | Found a blossoming altar of Fedhas.
 40798 | Swamp:4  | Reached XP level 20. HP: 126/126 MP: 33/33
 40822 | Swamp:4  | Noticed confidenceinterval's ghost (adept MiGl)
 40865 | Swamp:4  | Killed confidenceinterval's ghost
 40869 | Swamp:4  | Identified the +1 helmet of Ciqimeamn {-Tele Rampage rCorr
                  | Int-2}
 40963 | Swamp:3  | Noticed Gamunlei's ghost (adept GrHu)
 40967 | Swamp:3  | Killed Gamunlei's ghost
 41397 | Crypt:3  | Identified the "Raecar"
 41397 | Elf:1    | Identified the of Nulohi
 41397 | Elf:1    | Entered Level 1 of the Elven Halls
 41524 | Elf:1    | Received a gift from Nemelex Xobeh
 41910 | Elf:1    | Found Kushar Bana's Jewellery Shop.
 42310 | Elf:1    | Received a gift from Nemelex Xobeh
 42616 | Elf:2    | Found Ningaisu's Distillery.
 42912 | Elf:2    | Reached skill level 15 in Dodging
 42965 | Elf:2    | Received a gift from Nemelex Xobeh
 43330 | Elf:2    | Found a runed translucent gate.
 43331 | Elf:2    | Found a runed translucent gate.
 43331 | Elf:2    | Found a runed translucent gate.
 43342 | Elf:2    | Received a gift from Nemelex Xobeh
 43400 | Elf:3    | Entered Level 3 of the Elven Halls
 43490 | Elf:3    | Reached skill level 15 in Fighting
 43514 | Elf:3    | Paralysed by an air elemental for 1 turns
 43679 | Elf:3    | Identified the +6 quarterstaff "Geewo" {venom, Int+3}
 43680 | Elf:3    | Identified the +10 rapier of the Past {pain, rC- Str+3
                  | Int+2 Dex+2}
 43692 | Elf:3    | Reached XP level 21. HP: 134/134 MP: 20/35
 43696 | Elf:3    | Identified the +9 falchion of Besk {drain, *Noise Str+3
                  | Dex+5}
 43770 | Elf:3    | Identified the +10 long sword of the Moon {drain, rN+ rCorr
                  | Int-4 Dex+5}
 44204 | Elf:3    | Reached skill level 21 in Stealth
 44391 | Elf:3    | Received a gift from Nemelex Xobeh
 44392 | Elf:3    | Noticed Norris
 44393 | Elf:3    | Killed Norris
 44841 | Elf:3    | Identified the +9 plate armour "Yjoukoen" {Harm}
 44956 | Elf:3    | Identified the +4 battleaxe of Chagrin {drain, rC- Str+3
                  | Int+5}
 44986 | Elf:3    | Identified the amulet "Tedyromp" {Acrobat Slay+2}
 45340 | Lair:1   | Upgraded the game from 0.31-a0-981-geadf994542 to
                  | 0.31-a0-982-g1816016f30
 45344 | D:11     | Upgraded the game from 0.31-a0-982-g1816016f30 to
                  | 0.31-a0-995-g04711c9635
 45344 | D:11     | Upgraded the game from 0.31-a0-995-g04711c9635 to
                  | 0.31-a0-1001-g770356a28f
 45469 | Vaults:1 | Entered Level 1 of the Vaults
 45813 | Vaults:1 | Received a gift from Nemelex Xobeh
 46759 | Vaults:1 | Identified the amulet "Iqipam" {RegenMP Rampage rN++ Regen+
                  | Int-5}
 47144 | Vaults:1 | Reached skill level 22 in Stealth
 47217 | Vaults:1 | Received a gift from Nemelex Xobeh
 47482 | Vaults:1 | Upgraded the game from 0.31-a0-1001-g770356a28f to
                  | 0.31-a0-1008-g5b978dac0e
 47981 | Vaults:2 | Reached skill level 1 in Necromancy
 48164 | Vaults:2 | Received a gift from Nemelex Xobeh
 48567 | Vaults:2 | Reached XP level 22. HP: 140/140 MP: 36/36
 48834 | Vaults:2 | Reached skill level 5 in Necromancy
 49489 | Vaults:3 | Received a gift from Nemelex Xobeh
 49683 | Vaults:3 | Noticed Frederick
 49689 | Vaults:3 | Killed Frederick
 49969 | Vaults:3 | Noticed a bone dragon
 49973 | Vaults:3 | Killed a bone dragon
 49974 | Vaults:3 | Found a staircase to the Crypt.
 50168 | Vaults:3 | Reached skill level 23 in Stealth
 50172 | Vaults:3 | Received a gift from Nemelex Xobeh
 51056 | Depths:1 | Entered Level 1 of the Depths
 51104 | Depths:1 | Received a gift from Nemelex Xobeh
 51147 | Depths:1 | Found a gateway to Hell.
 51879 | Depths:1 | Found Xoram's Book Boutique.
 51879 | Depths:1 | Found Qogek's Book Boutique.
 51892 | Depths:1 | Found Tuest's Jewellery Shoppe.
 51908 | Depths:1 | Bought a manual of Dodging for 1040 gold pieces
 51997 | Depths:1 | Noticed an ancient lich
 51998 | Depths:1 | Found a one-way gateway to a ziggurat.
 51998 | Depths:1 | Noticed an ancient lich
 51998 | Depths:1 | Noticed a dread lich
 52076 | Depths:1 | Reached skill level 1 in Spellcasting
 52160 | Depths:1 | Noticed a golden dragon
 52182 | Depths:1 | Killed a golden dragon
 52205 | Depths:1 | Reached XP level 23. HP: 121/144 MP: 38/38
 52345 | Depths:1 | Received a gift from Nemelex Xobeh
 52821 | Depths:2 | Reached skill level 10 in Necromancy
 52900 | Depths:2 | Found a one-way gate leading to the halls of Pandemonium.
 53017 | Depths:2 | Received a gift from Nemelex Xobeh
 53052 | Depths:2 | Found Aclaah Imeyl's Distillery.
 53057 | Depths:2 | Bought a potion of heal wounds for 80 gold pieces
 53057 | Depths:2 | Bought a potion of heal wounds for 80 gold pieces
 53057 | Depths:2 | Bought a potion of heal wounds for 80 gold pieces
 53359 | Depths:2 | Reached skill level 24 in Stealth
 54180 | Depths:3 | Received a gift from Nemelex Xobeh
 54299 | Depths:3 | Noticed a golden dragon
 54305 | Depths:3 | Killed a golden dragon
 54313 | Depths:3 | Found a one-way gate to the infinite horrors of the Abyss.
 54324 | Depths:3 | Found a runed translucent door.
 54525 | Depths:3 | Reached skill level 5 in Spellcasting
 54532 | Depths:3 | Noticed a golden dragon
 54537 | Depths:3 | Killed a golden dragon
 54548 | Depths:3 | Noticed a caustic shrike
 54555 | Depths:3 | a caustic shrike changed into an iron giant
 54660 | Depths:3 | Identified the +11 falchion "Conac" {freeze, Int+3}
 54675 | Depths:3 | Reached XP level 24. HP: 79/150 MP: 38/38
 54923 | Depths:3 | Received a gift from Nemelex Xobeh
 55359 | Depths:4 | Entered Level 4 of the Depths
 55391 | Depths:4 | Found an iron altar of Okawaru.
 55665 | Depths:4 | Reached skill level 25 in Stealth
 55769 | Depths:4 | Found Nomm's General Store.
 55770 | Depths:4 | Found Qixziun's Distillery.
 55774 | Depths:4 | Bought a scroll of enchant weapon for 127 gold pieces
 55785 | Depths:4 | Bought a potion of heal wounds for 125 gold pieces
 55785 | Depths:4 | Bought a potion of heal wounds for 125 gold pieces
 55785 | Depths:4 | Bought a potion of haste for 250 gold pieces
 55785 | Depths:4 | Bought a potion of heal wounds for 125 gold pieces
 55785 | Depths:4 | Bought a potion of heal wounds for 125 gold pieces
 56039 | Depths:4 | Received a gift from Nemelex Xobeh
 56693 | Depths:4 | Found a gate to the Realm of Zot.
 57176 | Depths:4 | Found a gateway to a bazaar.
 57219 | Bazaar   | Entered a bazaar
 57219 | Bazaar   | Found Votus's Armour Emporium.
 57221 | Bazaar   | Found Suic Coe's General Store.
 57239 | Bazaar   | Found Nerem's Assorted Antiques.
 57246 | Bazaar   | Found Kutev's Book Shoppe.
 57249 | Bazaar   | Found Xenib's Assorted Antiques.
 57283 | Bazaar   | Bought a scroll of revelation for 97 gold pieces
 57283 | Bazaar   | Bought a scroll of fog for 52 gold pieces
 57283 | Bazaar   | Bought a scroll of teleportation for 39 gold pieces
 57308 | Bazaar   | Bought a scroll of blinking for 135 gold pieces
 57761 | Vaults:4 | Found a flickering gateway to a bazaar.
 57790 | Bazaar   | Entered a bazaar
 57800 | Bazaar   | Found Sosisoc's Book Emporium.
 57808 | Bazaar   | Found Icinun's Armour Boutique.
 57847 | Bazaar   | Found Cebry's Weapon Boutique.
 57865 | Bazaar   | Found Cuffees's Distillery.
 57872 | Bazaar   | Bought a potion of mutation for 72 gold pieces
 57872 | Bazaar   | Bought a potion of haste for 90 gold pieces
 57903 | Bazaar   | Bought Sif Muna's Guidebook on Transmuted Geomancy for 432
                  | gold pieces
 57914 | Bazaar   | Bought a +2 chain mail of willpower for 172 gold pieces
 58160 | Vaults:4 | Received a gift from Nemelex Xobeh
 58390 | Vaults:4 | Received a gift from Nemelex Xobeh
 58638 | Vaults:4 | Reached skill level 15 in Necromancy
 58656 | Vaults:4 | Reached XP level 25. HP: 155/155 MP: 38/38
 58679 | Vaults:4 | Reached skill level 26 in Stealth
 58972 | Vaults:4 | Received a gift from Nemelex Xobeh
 59792 | Vaults:5 | Entered Level 5 of the Vaults
 59815 | Vaults:5 | Received a gift from Nemelex Xobeh
 59830 | Vaults:5 | Noticed Mara
 59831 | Vaults:5 | Identified the -1 long sword "Quong" {flame, MP+9 Str-4
                  | Int+4}
 59860 | Vaults:5 | Killed Mara
 60103 | Vaults:5 | Identified the +1 trident of Wrongful Imprisonment
                  | {protect, rCorr}
 60226 | Vaults:5 | Noticed a dread lich
 60389 | Vaults:5 | Reached skill level 27 in Stealth
 60395 | Vaults:5 | Identified the +5 plate armour of the First Suns {rElec
                  | rC+}
 60405 | Vaults:5 | Got a silver rune of Zot
 60415 | Vaults:5 | Identified the +0 mace of the Fresh God {chaos, rPois
                  | rCorr}
 60673 | Vaults:5 | Received a gift from Nemelex Xobeh
 60737 | Vaults:5 | Reached XP level 26. HP: 164/164 MP: 38/38
 60777 | Vaults:5 | Identified the +8 whip of Foolhardiness {flame, rF+ rN+
                  | Dex+3 Stlth+}
 61347 | Vaults:5 | Identified the +10 battleaxe "Plojy" {drain, +Blink rN+}
 61427 | Vaults:5 | Killed a dread lich
 61428 | Vaults:5 | Reached skill level 15 in Evocations
 61513 | Vaults:5 | Identified the +7 whip "Laryng" {protect, rPois rN++ Str+3
                  | Dex-5}
 62729 | Elf:1    | Bought the ring of the Ban {rElec rC+ Will+ Dex+3} for 865
                  | gold pieces
 63104 | Zot:1    | Entered Level 1 of the Realm of Zot
 63675 | Zot:1    | Received a gift from Nemelex Xobeh
 64270 | Zot:2    | Identified the ring of Riang {rF+++ rC- EV+5 Int+6}
 64346 | Zot:2    | Noticed Grunn
 64392 | Zot:2    | Killed Grunn
 64567 | Zot:2    | Identified the ring of Xom's Malicious Joy {Str+6 Slay+3}
 64823 | Zot:2    | Noticed Parghit
 64896 | Zot:2    | HP: 3/167 [Parghit (9)]
 64901 | Zot:2    | Identified the -1 trident of Distant Shores {flame, rElec
                  | rF+ Int+2}
 64923 | Zot:2    | Killed Parghit
 65731 | D:11     | You paid a toll of +7 gold dragon scales to enter a
                  | treasure trove
 65732 | Trove    | Entered a treasure trove
 65737 | Trove    | Found the dreamshard necklace {Acrobat *Dream}
 65740 | Trove    | Identified the +10 war axe "Demonslayer" {heavy, Int+2}
 65745 | Trove    | Identified the +1 pair of gloves of Xoraem {Rampage Will+
                  | rCorr Int-4}
 65753 | Trove    | Identified the +0 pair of boots "Ruof" {rF+++ Int+2 Stlth-}
 65775 | Trove    | Identified the +1 pair of boots of Elyvilon's Displeasure
                  | {rCorr SInv}
 66488 | Zot:3    | Received a gift from Nemelex Xobeh
 66560 | Zot:3    | Identified the +8 dagger of the Twelve Hosts {spect, rCorr}
 66792 | Zot:3    | Noticed a Killer Klown
 66826 | Zot:3    | Killed a Killer Klown
 67046 | Zot:3    | Identified the +7 flail of Sloth {venom, rCorr Dex+2}
 67145 | Zot:3    | Received a gift from Nemelex Xobeh
 67342 | Zot:3    | Reached XP level 27. HP: 173/173 MP: 38/38
 67672 | Zot:3    | Received a gift from Nemelex Xobeh
 67781 | Zot:3    | Paralysed by you for 4 turns
 67842 | Zot:3    | Paralysed by you for 2 turns
 67867 | Zot:3    | Identified the ring "Xiullot" {rElec rN+ Int-3 Slay+2 SInv}
 68432 | Zot:4    | Noticed a Killer Klown
 68434 | Zot:4    | Killed a Killer Klown
 68624 | Zot:5    | Entered Level 5 of the Realm of Zot
 68764 | Zot:5    | Received a gift from Nemelex Xobeh
 68775 | Zot:5    | Noticed an orb of fire
 68775 | Zot:5    | Noticed an orb of fire
 68775 | Zot:5    | Noticed an orb of fire
 68775 | Zot:5    | Noticed a Killer Klown
 68778 | Zot:5    | Noticed an orb of fire
 68779 | Zot:5    | Noticed an orb of fire
 68780 | Zot:5    | Gained mutation: You occasionally shout uncontrollably at
                  | your foes. [an orb of fire]
 68785 | Zot:5    | Gained mutation: Potions are less effective at restoring
                  | your health. [an orb of fire]
 68787 | Zot:5    | Gained mutation: Your spells are a little easier to cast,
                  | but a little less powerful. [an orb of fire]
 68946 | Zot:5    | Noticed a Killer Klown
 68976 | Zot:5    | Killed a Killer Klown
 69120 | Zot:5    | Noticed a Killer Klown
 69133 | Zot:5    | Killed a Killer Klown
 69270 | Zot:5    | Noticed an ancient lich
 69289 | Zot:5    | Killed an ancient lich
 69322 | Zot:5    | Gained mutation: You are mostly covered in iridescent
                  | scales. (AC +4) [an orb of fire]
 69349 | Zot:5    | Killed an orb of fire
 70173 | Zot:5    | Lost mutation: You possess an exceptional clarity of mind.
                  | [potion of mutation]
 70173 | Zot:5    | Lost mutation: Your spells are a little easier to cast, but
                  | a little less powerful. [potion of mutation]
 70173 | Zot:5    | Gained mutation: You have large cloven feet. [potion of
                  | mutation]
 70189 | Zot:5    | Lost mutation: You have a pair of small horns on your head.
                  | [potion of mutation]
 70189 | Zot:5    | Lost mutation: You are mostly covered in iridescent scales.
                  | (AC +4) [potion of mutation]
 70189 | Zot:5    | Gained mutation: You sometimes lose your temper in combat.
                  | [potion of mutation]
 70189 | Zot:5    | Gained mutation: Your spells are a little easier to cast,
                  | but a little less powerful. [potion of mutation]
 70189 | Zot:5    | Lost mutation: You sometimes lose your temper in combat.
                  | [potion of mutation]
 70190 | Zot:5    | Lost mutation: You occasionally shout uncontrollably at
                  | your foes. [potion of mutation]
 70190 | Zot:5    | Lost mutation: You expend magic power (3 MP) to strengthen
                  | your wands. [potion of mutation]
 70190 | Zot:5    | Lost mutation: You are partially covered in iridescent
                  | scales. (AC +2) [potion of mutation]
 70190 | Zot:5    | Gained mutation: You occasionally lose the ability to drink
                  | potions when taking damage. [potion of mutation]
 70190 | Zot:5    | Gained mutation: Your muscles are strong. (Str +4, Int/Dex
                  | -1) [potion of mutation]
 70190 | Zot:5    | Lost mutation: Your muscles are strong. (Str +4, Int/Dex
                  | -1) [potion of mutation]
 70191 | Zot:5    | Lost mutation: Potions are less effective at restoring your
                  | health. [potion of mutation]
 70191 | Zot:5    | Lost mutation: Your spells are a little easier to cast, but
                  | a little less powerful. [potion of mutation]
 70191 | Zot:5    | Gained mutation: You have a pair of small horns on your
                  | head. [potion of mutation]
 70191 | Zot:5    | Gained mutation: You are strong-willed. (Will+) [potion of
                  | mutation]
 70226 | Zot:5    | Gained mutation: You have a pair of horns on your head. [an
                  | orb of fire]
 70237 | Zot:5    | Killed an orb of fire
 70400 | Zot:5    | Killed an orb of fire
 70402 | Zot:5    | Killed an orb of fire
 70556 | Zot:5    | Killed a Killer Klown
 70567 | Zot:5    | Noticed an orb of fire
 70648 | Zot:5    | Noticed an orb of fire
 70651 | Zot:5    | Gained mutation: Your body sometimes deteriorates upon
                  | taking damage. [an orb of fire]
 70657 | Zot:5    | Gained mutation: You are vulnerable to cold. (rC-) [an orb
                  | of fire]
 70672 | Zot:5    | Killed an orb of fire
 70688 | Zot:5    | Killed an orb of fire
 70697 | Zot:5    | Killed an orb of fire
 70824 | Zot:5    | Lost mutation: You are vulnerable to cold. (rC-) [potion of
                  | mutation]
 70824 | Zot:5    | Lost mutation: Your body sometimes deteriorates upon taking
                  | damage. [potion of mutation]
 70824 | Zot:5    | Lost mutation: You occasionally lose the ability to drink
                  | potions when taking damage. [potion of mutation]
 70824 | Zot:5    | Gained mutation: You are highly strong-willed. (Will++)
                  | [potion of mutation]
 70828 | Zot:5    | Got the Orb of Zot
 71654 | D:1      | Noticed Xeah the pandemonium lord
 71658 | D:$      | Escaped with the Orb!

Illustrated notes

Levels and vault maps discovered:
D:1:      ebering_hopf_link, layout_loops_ring, minmay_shallow_snake_nest
D:2:      layout_basic, basic_altar, kennysheep_cluttered_room,
          chequers_serial_rivers_small_a
D:3:      minmay_chambers_of_twos, layout_basic, serial_park_tiny_1
D:4:      layout_loops_cross, serial_shops, shop, uniq_grinder
D:5:      layout_cave_pools, trog_three_pillars_becter,
          minmay_temple_entry_grid, gup_sewer_entry_spiral,
          kennysheep_cross_room
D:6:      layout_loops_corners, old_standard_altar
D:7:      layout_cave_pools, marbit_many_paths
D:8:      layout_basic, serial_shops, nicolae_shop_drivethru,
          minmay_fountain_box, eino_tiny_chamber
D:9:      layout_irregular_city, orc_0_dummy, enter_bailey_6, st_stairs_5,
          hangedman_fish_farm
D:10:     layout_basic, serial_curves, eino_curves_03, eino_curves_02,
          eino_curves_04, eino_curves_04, uniq_nergalle
D:11:     layout_layer_cave, lair_entry_dummy, serial_shops,
          nicolae_shop_mannequins, enter_trove_1
D:12:     layout_cave_pools, minmay_evil_grid, uniq_maurice
D:13:     layout_loops_cross, grunt_vaults_entry_fortified, uniq_jorgrun
D:14:     layout_stronghold, hellmonk_guarded_unrand_damnation, uniq_kirke
D:15:     gammafunk_depths_entry_grave, layout_stronghold, uniq_louise
Temple:   nicolae_temple_bog_church
Lair:1:   layout_cave_pods, st_stairs_7, grunt_megastairs_1,
          infiniplex_staircase_pool
Lair:2:   layout_loops_ring, swamp_mist_pool
Lair:3:   layout_long_grid, hellmonk_spider_entry_not_the_bees, tgw_fedhas,
          uniq_gastronok
Lair:4:   nzn_motion_control, layout_regular_city,
          nicolae_slime_entry_field_trip, basic_altar
Lair:5:   grunt_lair_end_beastmaster, layout_hall_layers, uniq_nessos
Swamp:1:  layout_basic_swamp, evilmike_swamp_ruin_house_2, hangedman_swamp_dais,
          infiniplex_staircase_pool_2
Swamp:2:  nzn_winding_woodlands_small [nzn_winding_woodlands_5x15_crooked,
          nzn_winding_woodlands_center_triple_pond,
          nzn_winding_woodlands_5x15_sawtooth], layout_falls_marsh,
          nicolae_swamp_big_swirl, swamp_pool_1_2
Swamp:3:  layout_falls_marsh, ebering_ghost_disaster_area,
          evilmike_swamp_ruin_rubble_2
Swamp:4:  byrel_swamp_growth_death_and_undeath, layout_basic_swamp,
          gammafunk_ghost_necromancy, nicolae_swamp_long_stream, uniq_aizul,
          uniq_mlioglotl
Spider:1: layout_spider_delve, nicolae_spider_checkerboard, uniq_rupert
Spider:2: layout_spider_delve, drop_trap, nicolae_spider_rock_and_or_roll,
          hangedman_spider_tarantella_strand
Spider:3: layout_cave_pods
Spider:4: grunt_spider_rune_parallel, uniq_asterion
Orc:1:    layout_caves, uniq_fannar, uniq_harold
Orc:2:    st_orc_congregation, layout_caves
Elf:1:    minmay_elf_arrival_circle, layout_onion_city, serial_shops, shop,
          minmay_elf_sorcery
Elf:2:    nicolae_elf_blades_crystal_corner, layout_loops_corners, serial_shops,
          shop
Elf:3:    minmay_elf_hall_not_hex, layout_loops_corners, uniq_norris
Vaults:1: v_misc_25, vaults_room_ringed_pool, nicolae_vaults_lightning_bolt,
          nicolae_vaults_apartment_1, nicolae_vaults_closet_pinwheel_6,
          nicolae_vaults_prndl, vaults_mumra_minichess,
          nicolae_vaults_wine_cellar, v_pattern_1, v_alt_pattern_1, v_misc_8,
          hangedman_vaults_capsules, v_misc_11,
          nicolae_vaults_trapezoid_lopsided_3, layout_vaults_omnicross
Vaults:2: kb_rosetta, vaults_room_fancy_cross, v_rooms_3,
          nicolae_vaults_rhombus_5, nicolae_vaults_trapezoid_1, v_misc_32,
          nicolae_vaults_little_squares_6, nicolae_vaults_stairing_the_circle,
          nicolae_vaults_storage_room_water, layout_vaults_ring
Vaults:3: nicolae_vaults_ellipses_ellipsis, sword_in_stone,
          nicolae_vaults_storage_closets_2, nicolae_vaults_closet_pinwheel_1,
          vaults_room_grid, nicolae_vaults_sesquioval_fish,
          ontoclasm_vaults_ligature, minmay_crypt_entry_nasty_monster,
          layout_vaults_quadrants
Vaults:4: nicolae_vaults_specimen_jars, v_misc_16, vaults_dpeg_diagonal,
          nicolae_vaults_triangles, vaults_room_guarded_vault, v_misc_10,
          v_misc_24, nicolae_vaults_little_ls, nicolae_vaults_border_crossing,
          nicolae_vaults_surprise_closet, dpeg_vaults_monster_box,
          layout_vaults_chaotic_city, serial_shops, bzr_entry_customers
Vaults:5: uniq_mara
Depths:1: layout_roguey, enter_ziggurat_c, serial_sigils_hangedman_gnaw,
          hell_entry, nicolae_lava_and_water, dispersion_dpeg,
          grunt_megastairs_5, minmay_shop_grove
Depths:2: minmay_outward_triangles, layout_cave_pools, serial_shops,
          nicolae_shop_hallway_stairs, minmay_tree_intersection, pan_entry,
          pf_hell_entry_tar_river, grunt_megastairs_4
Depths:3: cheibrodos_salmonella, layout_small_grid, hellmouth_1, abyss_entry,
          skrybe_limestone_x, grunt_pan_entry_sceptre,
          muffindrake_ghost_dead_mans_drink, firewood_loft
Depths:4: grunt_zot_entry_hairpin, layout_basic, grunt_mini_vestibule,
          okawaru_gym_becter, abyss_entry, serial_shops, statue_bzr,
          minmay_shop_star, uniq_frederick
Zot:1:    layout_cathedral_of_symmetry, bh_zot_lava_cross
Zot:2:    kennysheep_room_grid, layout_misc_corridors, uniq_grunn, uniq_parghit
Zot:3:    gammafunk_mikee_crab_dinner, layout_basic,
          regret_index_zotdec_obsidian_hm
Zot:4:    layout_misc_corridors, bh_zot_ikea_curve
Zot:5:    layout_cathedral_of_symmetry

Skill      XL: |  1  2  3  4  5  6  7  8  9 10 11 12 13 14 15 16 17 18 19 20 21 22 23 24 25 26 27 |
---------------+----------------------------------------------------------------------------------+-----
Short Blades   | 3 4 5 6 8 10 12 13 14 | 14.0
Dodging        | 2 3 4 5 7 9 10 11 12 14 15 17 20 21 22 24 | 24.5
Throwing       | 3 4 5 |  5.0
Fighting       | 3 4 5 6 7 9 10 11 12 13 15 16 18 | 18.0
Stealth        | 6 7 8 10 11 12 14 15 16 18 20 22 23 24 25 27 | 27.0
Armour         | 1 4 5 6 8 10 11 13 | 13.6
Invocations    | 5 8 10 11 13 14 16 18 20 21 22 | 22.2
Evocations     | 3 6 9 11 12 14 15 | 15.0
Shields        | 1 5 7 8 |  8.0
Necromancy     | 4 9 12 15 17 | 17.6
Spellcasting   | 1 5 |  5.0

Action                     |  1- 3 |  4- 6 |  7- 9 | 10-12 | 13-15 | 16-18 | 19-21 | 22-24 | 25-27 || total
---------------------------+-------+-------+-------+-------+-------+-------+-------+-------+-------++-------
  Melee: Dagger            |    84 |    88 |   248 |   486 |   834 |       |       |       |       ||  1740
         Punch             |     2 |     1 |     2 |     8 |    19 |       |       |       |       ||    32
         Headbutt          |       |       |    11 |   144 |   402 |   642 |   542 |   606 |   847 ||  3194
         Quick blade       |       |       |       |       |   284 |  2023 |  1413 |     8 |   345 ||  4073
         Rapier            |       |       |       |       |       |       |   128 |  1569 |  1697 ||  3394
         Unarmed           |       |       |       |       |       |       |       |       |    11 ||    11
  Throw: Dart              |     1 |    15 |    42 |    21 |    19 |     5 |    13 |       |       ||   116
 Invoke: Draw Destruction  |       |       |       |    13 |    23 |     9 |    19 |     8 |    15 ||    87
         Draw Summoning    |       |       |       |     3 |     6 |     9 |    12 |     7 |    22 ||    59
         Draw Escape       |       |       |       |     1 |     4 |       |     1 |       |     2 ||     8
         Deal Four         |       |       |       |       |     2 |     1 |     2 |       |     8 ||    13
         Stack Five        |       |       |       |       |     1 |       |       |       |     1 ||     2
         Triple Draw       |       |       |       |       |       |       |     1 |       |     1 ||     2
         Draw Stack        |       |       |       |       |       |       |       |       |     2 ||     2
Ability: Evoke Invisibilit |       |       |       |       |     2 |       |       |       |       ||     2
  Evoke: Wand              |       |       |     7 |     3 |    21 |    13 |    18 |       |    17 ||    79
         Lightning rod     |       |       |       |       |       |       |     4 |     4 |     3 ||    11
         Phial of floods   |       |       |       |       |       |       |     2 |     1 |     2 ||     5
         Condenser vane    |       |       |       |       |       |       |       |     1 |     3 ||     4
    Use: Scroll            |       |     3 |     3 |    11 |    17 |     9 |     3 |     7 |    16 ||    69
         Potion            |       |     2 |     1 |     2 |     9 |     2 |     2 |     5 |    28 ||    51
   Stab: Sleeping          |    15 |    14 |    40 |    27 |    40 |   120 |   105 |    90 |    46 ||   497
         Distracted        |       |     1 |     2 |     4 |    11 |    13 |    15 |    18 |    24 ||    88
         Petrified         |       |       |       |       |     1 |     2 |     3 |       |     7 ||    13
         Invisible         |       |       |       |       |     1 |       |     3 |       |       ||     4
         Paralysed         |       |       |       |       |     2 |     1 |       |       |       ||     3
         Petrifying        |       |       |       |       |       |       |     3 |       |       ||     3
 Armour: Robe              |    28 |    17 |    23 |       |       |       |       |       |       ||    68
         Leather armour    |       |       |    32 |    12 |       |    18 |   300 |   318 |    91 ||   771
         Steam dragon scal |       |       |       |   141 |   395 |   288 |       |       |       ||   824
         Scale mail        |       |       |       |       |       |       |       |       |   118 ||   118
         Quicksilver drago |       |       |       |       |       |       |       |       |   234 ||   234
         Skin              |       |       |       |       |       |       |       |       |    10 ||    10
  Dodge: Dodged            |    42 |    35 |   134 |   386 |   926 |   768 |   636 |  1105 |  1780 ||  5812
  Block: Buckler           |       |       |       |       |     2 |   275 |       |   471 |   719 ||  1467
         Kite shield       |       |       |       |       |       |    25 |   482 |    96 |       ||   603

Table legend: (Time is in decaauts)
 A = Elapsed time spent in this place.
 B = Non-inter-level travel time spent in this place.
 C = Inter-level travel time spent in this place.
 D = Time resting spent in this place.
 E = Time spent auto-exploring this place.
 F = Levels seen in this place.
 G = Mean time per level.
                   A        B        C        D        E       F      G
               +--------+--------+--------+--------+--------+-----+--------+
         Total |  69128 |  63166 |   5962 |   8162 |  23030 |  52 | 1329.4 |
       Dungeon |  18903 |  16983 |   1920 |   1946 |   7437 |  15 | 1260.2 |
        Temple |     41 |     41 |      0 |      0 |      0 |   1 |   41.0 |
          Lair |  11842 |  11391 |    451 |   3495 |   2460 |   5 | 2368.4 |
         Swamp |   4170 |   3910 |    260 |    193 |   1627 |   4 | 1042.5 |
   Spider Nest |   4733 |   4698 |     35 |    727 |   1063 |   4 | 1183.2 |
  Orcish Mines |   2002 |   1749 |    253 |    197 |    497 |   2 | 1001.0 |
   Elven Halls |   3797 |   3652 |    145 |    234 |   1913 |   3 | 1265.7 |
        Vaults |   9110 |   8345 |    765 |    529 |   3004 |   5 | 1822.0 |
        Depths |   7134 |   5507 |   1627 |    426 |   2477 |   4 | 1783.5 |
           Zot |   5962 |   5458 |    504 |    273 |   2106 |   5 | 1192.4 |
        Bazaar |    242 |    242 |      0 |      0 |      0 |   2 |  121.0 |
         Trove |     69 |     69 |      0 |      0 |      0 |   1 |   69.0 |
         Sewer |   1117 |   1117 |      0 |    141 |    444 |   1 | 1117.0 |
               +--------+--------+--------+--------+--------+-----+--------+

Top non-repeatable levels by time:
  Lair:5: 3169 daAuts
  Lair:3: 2651 daAuts
Vaults:1: 2417 daAuts
Depths:4: 2393 daAuts
  Lair:1: 2214 daAuts
Vaults:4: 2120 daAuts
  Lair:4: 1966 daAuts
    D:11: 1915 daAuts
Depths:1: 1912 daAuts
  Lair:2: 1840 daAuts
    D:15: 1742 daAuts
   Elf:3: 1720 daAuts
    D:14: 1683 daAuts
    D:13: 1661 daAuts
     D:8: 1616 daAuts
